 Dungeon Crawl Stone Soup version 0.23-a0-368-g82e9058 (webtiles) character file.

14 Cryolive the Digger (level 2, 0/15 HPs)
             Began as a Gargoyle Earth Elementalist on Oct 24, 2018.
             Slain by a leopard gecko (4 damage)
             ... on level 1 of the Dungeon.
             The game lasted 00:01:46 (451 turns).

Cryolive the Digger (Gargoyle Earth Elementalist)    Turns: 451, Time: 00:01:47

Health: 0/15       AC:  4    Str: 11    XL:     2   Next: 45%
Magic:  5/5        EV: 12    Int: 15    God:
Gold:   17         SH:  0    Dex: 10    Spells: 4/5 levels left

rFire    . . .     SeeInvis .   e - +0 club
rCold    . . .     Gourm    .   (no shield)
rNeg     + . .     Faith    .   c - +0 robe
rPois    ∞         Spirit   .   (no helmet)
rElec    +         Reflect  .   (no cloak)
rCorr    .         Harm     .   (no gloves)
MR       .....                  (no boots)
Stlth    ++........             (no amulet)
HPRegen  0.05/turn              (no ring)
MPRegen  0.09/turn              (no ring)

@: no status effects
A: negative energy resistance 1, electricity resistance, unbreathing,
petrification resistance, rot immunity, AC +2
a: no special abilities


You were on level 1 of the Dungeon.
You were not hungry.

You visited 1 branch of the dungeon, and saw 1 of its levels.

You collected 17 gold pieces.

Inventory:

Hand Weapons
 e - a +0 club (weapon)
Missiles
 b - 49 stones (quivered)
Armour
 c - a +0 robe (worn)
Scrolls
 a - 3 scrolls of enchant armour {unknown}
 f - a scroll of fog {unknown}
 g - a scroll of identify {unknown}
Potions
 h - a potion of degeneration {unknown}
Comestibles
 d - 2 rations


   Skills:
 - Level 1.5 Dodging
 - Level 2.1 Stealth
 + Level 2.4 Spellcasting
   Level 0.7 Transmutations
 + Level 4.1 Earth Magic


You had 4 spell levels left.
You knew the following spells:

 Your Spells              Type           Power        Failure   Level  Hunger
a - Sandblast             Erth           ##....       3%          1    #......

Your spell library contained the following spells:

 Spells                   Type           Power        Failure   Level  Hunger
 Passwall                 Tmut/Erth      #.......     12%         2    ###....
 Stone Arrow              Conj/Erth      #.....       26%         3    ###....
 Petrify                  Tmut/Erth      #.......     61%         4    #####..
 Lee's Rapid Deconstruct  Erth           ##........   71%         5    ######.


Dungeon Overview and Level Annotations

Branches:
Dungeon (1/15)

Altars:


Innate Abilities, Weirdness & Mutations

You are resistant to torment.
Your stone body is resilient. (AC +2)
You are immune to poison.
You resist negative energy. (rN+)
You are resistant to electric shocks. (rElec)
You can survive without breathing.
You are immune to petrification.
You are immune to rotting.


Message History

Tha leopard gecko be almost dead.
Tha leopard gecko barely misses ye.
Ye miss tha leopard gecko.
Tha leopard gecko be almost dead.
Tha leopard gecko bites ye.
Tha leopard gecko bites ye but does nay damage.
Ye hit tha leopard gecko but do nay damage.
Tha leopard gecko be severely wounded.
Tha leopard gecko closely misses ye.
Ye miss tha leopard gecko.
Tha leopard gecko be severely wounded.
Tha leopard gecko misses ye.
Tha leopard gecko closely misses ye.
Ye hit tha leopard gecko.
Tha leopard gecko be almost dead.
Tha leopard gecko bites ye.
* * * LOW HITPOINT WARNIN'
* * * Ye closely miss tha leopard gecko.
Tha leopard gecko be almost dead.
Tha leopard gecko bites ye.
Ye die...

..≈.....P..♣...##
..... ♣....##
#.P.b ♣♣P♣..#
#.♣♣♣♣♣♣P.♣.#
#.PPP.♣P.P..#
#.....♣.P.##
###..P♣♣P.P##
......P♣..##
##...@l##
##..........#
#####..##### ♣.♣
.♣ .P .P ..


You could see a leopard gecko.

Vanquished Creatures
  A dart slug (D:1)
  2 leopard geckos (D:1)
  2 hobgoblins (D:1)
  A bat (D:1)
  A frilled lizard (D:1)
  A goblin (D:1)
  3 kobolds (D:1)
11 creatures vanquished.

Notes
Turn   | Place    | Note
-------+----------+-------------------------------------------
     0 | D:1      | Cryolive the Gargoyle Earth Elementalist began the quest
                  | for the Orb.
     0 | D:1      | Reached XP level 1. HP: 10/10 MP: 3/3
   191 | D:1      | Reached skill level 4 in Earth Magic
   191 | D:1      | Reached XP level 2. HP: 7/15 MP: 1/5
   451 | D:1      | Slain by a leopard gecko

Vault maps used:
D:1:      denvon_arrival_waterhouse, serial_forest,
          infiniplex_forest_end_double, infiniplex_forest_clump_double,
          infiniplex_forest_clump_cross, infiniplex_forest_fountain,
          infiniplex_forest_side_room, infiniplex_forest_zigzag_1,
          infiniplex_forest_lined_room_, grunt_decor_cap, minivault_19,
          st_stairs_1

Skill      XL: |  1 |
---------------+----+-----
Earth Magic    | 4 |  4.1
Dodging        | |  1.5
Stealth        | |  2.1
Spellcasting   | |  2.4
Transmutations | |  0.7

Action                   || total
-------------------------++-------
Melee: Unarmed           ||     3
       Club              ||    34
 Cast: Sandblast         ||     9
Armor: Robe              ||    10
Dodge: Dodged            ||    30

Table legend:
 A = Non-vault XP
 B = Vault XP
 C = Vault XP percentage of total XP
 D = Non-vault monster count
 E = Vault monster count
 F = Vault count percentage of total count
                 A         B        C        D         E       F
            +---------+---------+-------+---------+---------+-------
      Total |      15 |       6 |  28.6 |       9 |       2 |  18.2
            +---------+---------+-------+---------+---------+-------
        D:1 |      15 |       6 |  28.6 |       9 |       2 |  18.2
            +---------+---------+-------+---------+---------+-------
